 Dungeon Crawl Stone Soup version 0.28-a0-1404-g4df0f3684d (webtiles) character file.

Game seed: 18035073698462860395

17054 rogsnak the Destroyer (level 12, -4/86 HPs)
             Began as a Demonspawn Earth Elementalist on Jan 5, 2022.
             Was an Elder of Sif Muna.
             Slain by a fire elemental (12 damage)
             ... summoned by a deep elf pyromancer
             ... on level 13 of the Dungeon.
             The game lasted 00:34:12 (17174 turns).

rogsnak the Destroyer (DsEE)                       Turns: 17174, Time: 00:34:12

Health: -4/86      AC:  4    Str:  8    XL:     12   Next: 15%
Magic:  4/25       EV: 14    Int: 23    God:    Sif Muna [****..]
Gold:   718        SH:  0    Dex: 15    Spells: 21/30 levels left

rFire   . . .      SeeInvis .   J - +0 whip (elec)
rCold   . . .      Faith    .   f - orb {mayhem}
rNeg    . . .      Spirit   .   d - +2 robe of Eternal Vigilance {rF- rCorr Int+2}
rPois   .          Reflect  .   (helmet unavailable)
rElec   .          Harm     .   (no cloak)
rCorr   +          Rampage  .   (no gloves)
Will    .....                   (no boots)
Stlth   ++........              (no amulet)
HPRegen 0.24/turn               i - ring of wizardry
MPRegen 0.19/turn               r - ring of protection from fire

@: no status effects
A: hooves 1, horns 3, spiny 1, demonic magic 1, demonic touch 2
a: Renounce Religion, Channel Magic, Forget Spell, Divine Exegesis


You were on level 13 of the Dungeon.
You worshipped Sif Muna.
Sif Muna was greatly pleased with you.
You visited 1 branch of the dungeon, and saw 13 of its levels.
You also visited: Ossuary.

You collected 718 gold pieces.

Inventory:

Hand Weapons
 J - a +0 whip of electrocution (weapon)
 O - a +3 war axe
 P - a +5 halberd
Missiles
 c - 365 stones
 e - 2 atropa-tipped darts
 y - 65 poisoned darts
 A - a curare-tipped dart
 L - 4 throwing nets
Armour
 b - a +0 robe
 d - the +2 robe of Eternal Vigilance (worn) {rF- rCorr Int+2}
   (You found it on level 12 of the Dungeon)

   Int:       It affects your intelligence (+2).
   rF:        It makes you vulnerable to fire.
   rCorr:     It protects you from acid and corrosion.
 f - an orb of mayhem (worn)
 n - an orb of energy
 u - a +0 buckler
 N - a +0 leather armour of cold resistance
Jewellery
 i - a ring of wizardry (left hand)
 r - a ring of protection from fire (right hand)
 v - a ring of see invisible
 K - a ring of poison resistance
 T - a ring of positive energy
 X - a +4 ring of protection
Wands
 w - a wand of digging (1)
 z - a wand of acid (12)
 C - a wand of iceblast (8)
 S - a wand of flame (8)
Scrolls
 j - 3 scrolls of silence {unknown}
 l - 5 scrolls of immolation {unknown}
 m - 2 scrolls of blinking {unknown}
 q - a scroll of amnesia
 s - 3 scrolls of noise {unknown}
 t - a scroll of fog
 x - 3 scrolls of enchant weapon {unknown}
 F - a scroll of enchant armour
 M - 6 scrolls of teleportation {unknown}
 Q - 2 scrolls of fear
 U - a scroll of vulnerability {unknown}
Potions
 g - 2 potions of magic {unknown}
 h - 9 potions of haste {unknown}
 k - 3 potions of brilliance {unknown}
 o - 7 potions of mutation {unknown}
 p - a potion of resistance
 B - 5 potions of curing {unknown}
 D - 2 potions of invisibility
 E - a potion of heal wounds
 G - 4 potions of might {unknown}
 H - 3 potions of berserk rage {unknown}
 I - a potion of ambrosia
 R - 3 potions of degeneration {unknown}
 V - 2 potions of flight
 W - 3 potions of cancellation {unknown}
Miscellaneous
 a - a tin of tremorstones (2/2)


   Skills:
 + Level 5.2 Fighting
 + Level 5.5 Dodging
 - Level 1.7 Stealth
 + Level 9.6 Spellcasting
 * Level 12.3 Conjurations
 - Level 0.8 Transmutations
 + Level 0.7 Air Magic
 + Level 8.9 Earth Magic
 + Level 1.1 Evocations


You had 21 spell levels left.
You knew the following spells:

 Your Spells              Type           Power      Damage    Failure   Level
a - Sandblast             Erth           100%       2d20      1%          1
b - Stone Arrow           Conj/Erth      100%       3d13      1%          3
c - Swiftness             Air            14%        N/A       5%          3
d - Sublimation of Blood  Necr           11%        N/A       3%          2

Your spell library contained the following spells:

 Spells                   Type           Power      Damage    Failure   Level
 Magic Dart               Conj           100%       1d8       1%          1
 Shock                    Conj/Air       100%       1d9       1%          1
 Passwall                 Tmut/Erth      27%        N/A       1%          2
 Searing Ray              Conj           100%       2d8       1%          2
 Dazzling Flash           Conj/Hex       78%        N/A       1%          3
 Fulminant Prism          Conj/Hex       19%        3d11      1%          4
 Iskenderun's Mystic Bla  Conj/Tloc      39%        2d9       1%          4
 Corpse Rot               Necr/Air       24%        N/A       3%          2
 Ensorcelled Hibernation  Hex/Ice        22%        N/A       3%          2
 Poisonous Vapours        Pois/Air       24%        N/A       3%          2
 Petrify                  Tmut/Erth      33%        N/A       3%          4
 Irradiate                Conj/Tmut      20%        3d20      4%          5
 Spider Form              Tmut/Pois      13%        N/A       6%          3
 Airstrike                Air            7%         N/A       16%         4
 Starburst                Conj/Fire      19%        6d7       26%         6


Dungeon Overview and Level Annotations

Branches:
Dungeon (13/15)            Temple (0/1) D:7            Lair (0/6) D:9
    Orc (0/2) D:11        Ossuary (visited)
 Vaults: D:13-14

Altars:
Ashenzari
Gozag
Nemelex Xobeh
Ru
Sif Muna
Trog
Vehumet
Xom
Zin
The Shining One

Shops:
D:2 *   D:5 [

Annotations:
D:5 2 transporters
D:13 Frances


Innate Abilities, Weirdness & Mutations

You have large cloven feet.
You have a pair of large horns on your head.
You are partially covered in sharp spines.
Spells you cast may paralyse adjacent enemies.
Your touch may inflict irresistible damage on your foes.


Message History

You feel much better. The fire elemental barely misses you.
Unknown command.
Okay, then.
You closely miss the fire elemental. You kick the fire elemental.
You headbutt the fire elemental, but do no damage.
The fire elemental is lightly damaged.
The fire elemental hits you. The fire elemental burns you!
* * * LOW HITPOINT WARNING * * *
The fire elemental barely misses you.
Unknown command.
Unknown command.
You closely miss the fire elemental.
You kick the fire elemental, but do no damage.
You headbutt the fire elemental.
The fire elemental is lightly damaged.
The fire elemental is struck by your spines.
The fire elemental hits you. The fire elemental burns you!
* * * LOW HITPOINT WARNING * * *
The deep elf pyromancer gestures at you while chanting.
The bolt of fire hits the fire elemental.
The fire elemental completely resists.
The bolt of fire hits the fire elemental.
The fire elemental completely resists.
The bolt of fire misses you.
You hit the fire elemental but do no damage.
You kick the fire elemental, but do no damage.
You headbutt the fire elemental!
The fire elemental is heavily damaged.
The fire elemental closely misses you.
The fire elemental is struck by your spines.
The fire elemental barely misses you.
You hit the fire elemental. You kick the fire elemental.
The fire elemental is almost destroyed.
The fire elemental barely misses you.
A cyclops comes into view.
Unknown command.
You barely miss the fire elemental.
You kick the fire elemental, but do no damage.
The fire elemental is almost destroyed.
The fire elemental hits you. The fire elemental burns you!
You die...

**,*,,,,,,,,,**,,,,,,,_,,,,***
**,***,*****#.#*.#,,,,,≈,,,,,,,
##,** **,## #?##.#,*,≈,≈,,,****
#.#* ##.# #.##.#,,,,,,,,,*
*#.## ##.#* #.##.#,,,,******
*#.###..## #.##.#,#***
#..#<...# #.##.#○# ***
##.#.##..####.##E#C#### **,*
##....##....)..@EE...).# *,,,
#..............##e####.# **,*
##....###########.# *,* *,*
##...# #.# *,* *,, ##..# #.#
*,* ***,, #..# #.# *,* *,,,,
#!.# #.#***,*****,,,, #..#
#..,,*,,,,,,,,,, #####..#
###*,*******,,,,


You could see a cyclops, a deep elf pyromancer and 3 fire elementals.

Vanquished Creatures
  Kirke (D:12)
  Harold (D:7)
  2 hydras
  A boulder beetle (D:12)
  3 two-headed ogres
  A tengu warrior (D:13)
  The ghost of lunkers the Fighter, a novice MiCA of Ignis (D:9)
  Pikel (D:5)
  An ugly thing (D:11)
  A manticore (D:13)
  A cyclops (D:11)
  A gargoyle (D:12)
  2 unseen horrors (D:12)
  A tengu conjurer (D:13)
  A komodo dragon (D:12)
  3 trolls (D:11)
  A hornet (D:8)
  A slime creature (D:12)
  A shadow (D:10)
  A wyvern (D:9)
  A vampire (D:10)
  A wraith (D:13)
  2 yaks (D:10)
  3 hogs (D:12)
  2 vampire mosquitoes (D:13)
  Grum (D:11)
  A steam dragon (D:7)
  3 wargs (D:9)
  2 acid dragons
  A water moccasin (D:8)
  3 ice beasts (D:6)
  A black bear (D:6)
  An ogre (D:6)
  8 centaurs
  3 phantoms
  3 wolves (D:11)
  4 lemures
  3 kobold brigands
  2 elf zombies (Ossuary)
  2 scorpions (D:5)
  A water moccasin zombie (D:5)
  2 water moccasin skeletons
  2 killer bees (D:9)
  5 wights
  A howler monkey (D:4)
  An electric eel (D:7)
  A centaur zombie (D:7)
  A hound (D:7)
  2 human zombies (Ossuary)
  A jelly (D:6)
  3 orc priests
  A centaur skeleton (D:5)
  3 gnoll shamans
  Jessica (D:3)
  4 iguanas
  5 orc wizards
  A scorpion zombie (D:5)
  A hound zombie (Ossuary)
  2 hound skeletons
  4 mummies (Ossuary)
  2 howler monkey zombies
  6 adders
  15 gnolls
  2 white imps (D:7)
  3 adder zombies (Ossuary)
  A worm (D:3)
  A dart slug (D:2)
  12 orcs
  6 endoplasms
  2 giant cockroaches
  5 goblins
  7 hobgoblins
  9 jackals
  A quokka (D:1)
  7 ball pythons
  3 bats
  4 frilled lizards
  A goblin zombie (Ossuary)
  A jackal zombie (Ossuary)
  18 kobolds
  2 kobold zombies (Ossuary)
  6 rats
229 creatures vanquished.

Vanquished Creatures (collateral kills)
  3 hogs (D:12)
  2 yaks (D:10)
  A vampire mosquito (D:13)
  A wolf (D:11)
  2 killer bees (D:9)
  An orc priest (D:9)
  An orc wizard (D:12)
  A howler monkey zombie (D:9)
  A gnoll (D:9)
  2 orcs (D:12)
15 creatures vanquished.

Vanquished Creatures (others)
  An orc wizard (D:13)
  An orc (D:9)
  A kobold (D:9)
  2 plants
5 creatures vanquished.

Grand Total: 249 creatures vanquished

Notes
Turn   | Place    | Note
-------+----------+-------------------------------------------
     0 | D:1      | rogsnak the Demonspawn Earth Elementalist began the quest
                  | for the Orb.
     0 | D:1      | Reached XP level 1. HP: 13/13 MP: 3/3
   748 | D:1      | Discovered your monstrous ancestry.
   748 | D:1      | Gained mutation: You have large cloven feet. [demonic
                  | ancestry]
   748 | D:1      | Reached XP level 2. HP: 19/19 MP: 5/5
  1566 | D:1      | Found a faded altar of an unknown god.
  1608 | D:1      | Reached XP level 3. HP: 21/24 MP: 6/6
  2136 | D:2      | Found a bloodstained altar of Trog.
  2169 | D:2      | Learned a level 3 spell: Stone Arrow
  2250 | D:2      | Found Kuriura's General Store.
  2663 | D:2      | Reached skill level 1 in Fighting
  2675 | D:2      | Gained mutation: Your touch may inflict minor irresistible
                  | damage on your foes. [demonic ancestry]
  2675 | D:2      | Reached XP level 4. HP: 17/32 MP: 7/7
  2948 | D:3      | Noticed Jessica
  2949 | D:3      | Found a shimmering blue altar of Sif Muna.
  2952 | D:3      | Killed Jessica
  2959 | D:3      | Became a worshipper of Sif Muna the Loreminder
  2966 | D:3      | Found a bloodstained altar of Trog.
  3345 | D:3      | Reached skill level 1 in Conjurations
  3436 | D:3      | Gained mutation: You have a pair of small horns on your
                  | head. [demonic ancestry]
  3436 | D:3      | Reached XP level 5. HP: 37/37 MP: 1/8
  3882 | D:3      | Found a broken altar of Ashenzari.
  4051 | D:3      | Found an opulent altar of Gozag.
  4635 | D:4      | Gained mutation: Spells you cast may paralyse adjacent
                  | enemies. [demonic ancestry]
  4635 | D:4      | Reached XP level 6. HP: 44/44 MP: 6/10
  4732 | D:4      | Reached skill level 2 in Conjurations
  4873 | D:4      | Reached * piety under Sif Muna
  5181 | D:4      | Found a radiant altar of Vehumet.
  5219 | D:5      | Entered Level 5 of the Dungeon
  5219 | D:5      | Noticed a hornet
  5219 | D:5      | Found a transporter.
  5219 | D:5      | Found a shimmering altar of Xom.
  5417 | D:5      | Noticed Pikel
  5424 | D:5      | Gained mutation: You are partially covered in sharp spines.
                  | [demonic ancestry]
  5424 | D:5      | Reached XP level 7. HP: 23/51 MP: 4/12
  5443 | D:5      | Found a transporter.
  5983 | D:5      | Killed Pikel
  5984 | D:5      | Reached skill level 4 in Conjurations
  5984 | D:5      | Gained mutation: You have a pair of horns on your head.
                  | [demonic ancestry]
  5984 | D:5      | Reached XP level 8. HP: 50/60 MP: 4/14
  6751 | D:5      | Found Marduk's Dragon-Slaying Spoils.
  6940 | D:6      | Reached skill level 5 in Earth Magic
  6992 | D:6      | Reached skill level 5 in Conjurations
  7076 | D:6      | Found a sand-covered staircase.
  7119 | Ossuary  | Entered an ossuary
  7186 | Ossuary  | Reached skill level 5 in Spellcasting
  7213 | Ossuary  | Reached ** piety under Sif Muna
  7824 | D:6      | Reached XP level 9. HP: 66/66 MP: 13/17
  8965 | D:6      | Reached skill level 6 in Conjurations
  9261 | D:7      | Found a staircase to the Ecumenical Temple.
  9447 | D:7      | Noticed Harold
  9473 | D:7      | Killed Harold
  9474 | D:7      | Reached skill level 7 in Conjurations
 10409 | D:8      | Gained mutation: Your touch may inflict irresistible damage
                  | on your foes. [demonic ancestry]
 10409 | D:8      | Reached XP level 10. HP: 61/73 MP: 1/20
 10849 | D:9      | Reached skill level 8 in Conjurations
 11223 | D:9      | Found a sparkling altar of Nemelex Xobeh.
 11261 | D:9      | Reached skill level 5 in Dodging
 11418 | D:9      | Reached *** piety under Sif Muna
 11691 | D:9      | Found a staircase to the Lair.
 11870 | D:9      | Noticed a two-headed ogre
 11873 | D:9      | Killed a two-headed ogre
 11874 | D:9      | Reached skill level 9 in Conjurations
 12035 | D:9      | Found a runed translucent gate.
 12035 | D:9      | Found a runed translucent gate.
 12035 | D:9      | Found a runed translucent gate.
 12037 | D:9      | Noticed a nine-headed hydra
 12037 | D:9      | Noticed lunkers's ghost (novice MiCA)
 12050 | D:9      | Learned a level 3 spell: Swiftness
 12152 | D:9      | Killed a nine-headed hydra
 12153 | D:9      | Reached skill level 5 in Fighting
 12187 | D:9      | Identified the +4 scimitar of Bread {holy, Str+4 Dex+2}
 12242 | D:9      | Killed lunkers's ghost
 12279 | D:10     | Entered Level 10 of the Dungeon
 12630 | D:10     | Reached skill level 1 in Evocations
 12767 | D:10     | Noticed a two-headed ogre
 12773 | D:10     | Killed a two-headed ogre
 12774 | D:10     | Reached skill level 10 in Conjurations
 12774 | D:10     | Reached XP level 11. HP: 79/79 MP: 9/23
 13379 | D:11     | Found a sacrificial altar of Ru.
 13548 | D:11     | Noticed a two-headed ogre
 13583 | D:11     | Killed a two-headed ogre
 13973 | D:11     | Learned a level 2 spell: Sublimation of Blood
 13979 | D:11     | Noticed a green ugly thing
 13988 | D:11     | Killed a green ugly thing
 14226 | D:11     | Noticed Grum
 14235 | D:11     | Killed Grum
 14817 | D:11     | Found a staircase to the Orcish Mines.
 14897 | D:11     | Noticed a boulder beetle
 15026 | D:12     | Reached skill level 11 in Conjurations
 15094 | D:12     | Noticed a death knight
 15641 | D:12     | Identified the +2 robe of Eternal Vigilance {rF- rCorr
                  | Int+2}
 15708 | D:12     | Noticed a boulder beetle
 15771 | D:12     | Killed a boulder beetle
 16220 | D:12     | Reached **** piety under Sif Muna
 16255 | D:12     | Noticed Kirke
 16277 | D:12     | Killed Kirke
 16924 | D:13     | Reached skill level 12 in Conjurations
 16976 | D:13     | Gained mutation: You have a pair of large horns on your
                  | head. [demonic ancestry]
 16976 | D:13     | Reached XP level 12. HP: 77/86 MP: 9/25
 16999 | D:13     | Noticed a seven-headed hydra
 17012 | D:13     | Killed a seven-headed hydra
 17013 | D:13     | Noticed Frances
 17141 | D:13     | Noticed a tengu warrior
 17146 | D:13     | Killed a tengu warrior
 17168 | D:13     | HP: 1/86 [fire elemental[a deep elf pyromancer] (9)]
 17174 | D:13     | Slain by a fire elemental

Illustrated notes

Levels and vault maps discovered:
D:1:      dpeg_arrival_tiny_a, layout_loops_ring,
          ebering_ecumenical_altar_abandoned, nicolae_figureground_sparkle
D:2:      layout_rooms, serial_shops, shop, basic_altar, minmay_misc_feat_roman
D:3:      layout_basic, pdpol_temple_overflow_zin_treasury_gozag_greed,
          nicolae_ashenzari_skybound, nzn_overflow_gifts_of_might_and_magic,
          chequers_serial_rivers_marsh
D:4:      layout_rooms, marbit_many_paths, nicolae_underground_beach
D:5:      layout_loops_ring, gammafunk_temple_overflow_arena,
          chequers_hall_statues_wall_a, nicolae_shop_dragon_depot, uniq_pikel
D:6:      layout_loops_cross, chequers_ossuary_entry_cave
D:7:      layout_basic, minmay_temple_entry_arrows, amcnicky_mini_pool_small,
          nicolae_water_bricks, uniq_harold
D:8:      layout_basic
D:9:      layout_irregular_city, nemelex_diamond_rough_becter,
          erik_lair_orcish_takeover, gammafunk_ghost_hydra_chop
D:10:     layout_loops_ring, minmay_misc_feat_square
D:11:     layout_roguey, kennysheep_orc_monster_closet_entryway, minivault_25,
          hangedman_ru_absence, uniq_grum
D:12:     layout_cave_pods, minmay_misc_feat_alley, tso_oasis_becter, uniq_kirke
D:13:     layout_loops_ring, gauntlet_entry_generic, serial_shops, shop,
          nicolae_qazlal_scattered_showers, uniq_frances

Skill      XL: |  1  2  3  4  5  6  7  8  9 10 11 |
---------------+----------------------------------+-----
Earth Magic    | 3 4 5 6 7 8 |  8.9
Dodging        | 2 3 4 5 |  5.5
Fighting       | 1 2 3 4 5 |  5.2
Conjurations   | 1 2 4 5 7 10 12 | 12.3
Spellcasting   | 3 4 5 6 8 9 |  9.6
Evocations     | 1 |  1.1
Stealth        | |  1.7
Transmutations | |  0.8
Air Magic      | |  0.7

Action                   |  1- 3 |  4- 6 |  7- 9 | 10-12 || total
-------------------------+-------+-------+-------+-------++-------
Melee: Short sword       |   116 |       |       |       ||   116
       Unarmed           |     3 |       |       |       ||     3
       Kick              |    33 |    19 |    26 |    13 ||    91
       Hand axe          |    20 |     3 |       |       ||    23
       Spear             |       |    86 |    61 |       ||   147
       Touch             |       |    11 |    21 |       ||    32
       Headbutt          |       |    13 |     8 |     8 ||    29
       Punch             |       |     1 |       |       ||     1
       Whip              |       |       |    11 |    37 ||    48
 Cast: Sandblast         |    12 |     4 |    22 |     3 ||    41
       Stone Arrow       |       |    20 |   102 |   157 ||   279
       Swiftness         |       |       |       |     2 ||     2
Evoke: Wand              |       |       |       |     4 ||     4
  Use: Scroll            |       |       |       |    13 ||    13
       Potion            |       |       |       |     1 ||     1
 Stab: Sleeping          |     3 |     3 |       |       ||     6
       Distracted        |       |     2 |       |       ||     2
       Paralysed         |       |       |    17 |     4 ||    21
Armor: Robe              |    29 |     7 |     5 |    17 ||    58
Dodge: Dodged            |   100 |    45 |    55 |    70 ||   270

Table legend: (Time is in decaauts)
 A = Elapsed time spent in this place.
 B = Non-inter-level travel time spent in this place.
 C = Inter-level travel time spent in this place.
 D = Time resting spent in this place.
 E = Time spent auto-exploring this place.
 F = Levels seen in this place.
 G = Mean time per level.
                   A        B        C        D        E       F      G
               +--------+--------+--------+--------+--------+-----+--------+
         Total |  17220 |  16980 |    240 |   4978 |   8184 |  14 | 1230.0 |
       Dungeon |  16783 |  16543 |    240 |   4800 |   8154 |  13 | 1291.0 |
       Ossuary |    437 |    437 |      0 |    178 |     30 |   1 |  437.0 |
               +--------+--------+--------+--------+--------+-----+--------+

Top non-repeatable levels by time:
     D:1: 1991 daAuts
    D:11: 1787 daAuts
    D:12: 1770 daAuts
     D:6: 1616 daAuts
     D:4: 1466 daAuts
     D:9: 1345 daAuts
     D:3: 1333 daAuts
     D:5: 1293 daAuts
    D:10: 1041 daAuts
     D:8: 1037 daAuts
     D:7: 1034 daAuts
     D:2: 772 daAuts
 Ossuary: 437 daAuts
    D:13: 292 daAuts
